 Dungeon Crawl Stone Soup version 0.27-a0-404-g4390dbc5be (webtiles) character file.

Game seed: 13256474722095640001

1797 CurlyBrace the Gouger (level 8, 14/42 HPs)
             Began as a Felid Summoner on Feb 22, 2021.
             Was a High Priest of Cheibriados.
             Quit the game on level 1 of the Orcish Mines.
             The game lasted 01:09:31 (4802 turns).

CurlyBrace the Gouger (Felid Summoner)              Turns: 4802, Time: 01:09:32

Health: 14/42      AC:  2    Str: 18    XL:     8   Next: 83%
Magic:  16/16      EV: 33    Int: 31    God:    Cheibriados [*****.]
Gold:   477        SH:  0    Dex: 33    Spells: 10/17 levels left
                                        Lives:  0   Deaths: 3

rFire    . . .     SeeInvis +     - Unarmed
rCold    . . .     Faith    .   (shield unavailable)
rNeg     + . .     Spirit   .   (armour unavailable)
rPois    .         Reflect  .   (helmet unavailable)
rElec    .         Harm     .   (cloak unavailable)
rCorr    .         Rampage  .   (gloves unavailable)
Will     +....                  (boots unavailable)
Stlth    ++++++....             f - amulet "Nadde" {Acrobat Int-2 Dex+4 Slay+4}
HPRegen  0.14/turn              j - ring of positive energy
MPRegen  0.15/turn              (no ring)

@: marked, very slow
A: very small, no armour, no weapons or thrown items, stealth, claws 1, fangs 3,
see invisible, speed 1, shaggy fur 2, sharp paws
a: Renounce Religion, Bend Time, Temporal Distortion, Slouch, Step From Time


You were on level 1 of the Orcish Mines.
You worshipped Cheibriados.
Cheibriados was extremely pleased with you.
You visited 4 branches of the dungeon, and saw 14 of its levels.
You also visited: Ossuary and Bailey.

You collected 477 gold pieces.

Inventory:

Missiles
 b - 68 stones
Jewellery
 f - the amulet "Nadde" (around neck) {Acrobat Int-2 Dex+4 Slay+4}
   (You acquired it on level 5 of the Dungeon)

   [amulet of the acrobat]

   It helps you evade while moving and waiting.
   It affects your intelligence (-2).
   It affects your dexterity (+4).
   It affects your accuracy and damage with ranged weapons and melee attacks
   (+4).
 i - an amulet of magic regeneration
   (You took it off an orc wizard on level 4 of the Dungeon)
 j - a ring of positive energy (left paw)
   (You found it on level 4 of the Dungeon)
Wands
 d - a wand of polymorph (5)
   (You found it on level 9 of the Dungeon)
 g - a wand of flame (28)
   (You found it on level 8 of the Dungeon)
 v - a wand of digging (5)
   (You found it on level 6 of the Dungeon)
Scrolls
 e - 2 scrolls of amnesia
 m - a scroll of fog
 r - 2 scrolls of identify
Potions
 a - 2 potions of magic
 c - a potion of brilliance
 h - a potion of attraction
 l - 2 potions of flight
 n - 2 potions of resistance


   Skills:
 * Level 8.8 Fighting
 + Level 8.7 Dodging
 + Level 8.8 Stealth
 * Level 8.9 Unarmed Combat
 - Level 5.0 Spellcasting
 - Level 4.0 Summonings
 - Level 1.0 Air Magic
 - Level 3.0 Evocations


You had 10 spell levels left.
You knew the following spells:

 Your Spells              Type           Power        Failure   Level
a - Summon Small Mammal   Summ           100%         1%          1
b - Call Imp              Summ           32%          1%          2
c - Summon Lightning Spi  Summ/Air       23%          19%         4

Your spell library contained the following spells:

 Spells                   Type           Power        Failure   Level
 Call Canine Familiar     Summ           32%          3%          3
 Summon Guardian Golem    Hex/Summ       20%          7%          3
 Summon Ice Beast         Ice/Summ       20%          24%         4


Dungeon Overview and Level Annotations

Branches:
Dungeon (10/15)            Temple (1/1) D:5            Lair (1/6) D:9
    Orc (2/2) D:9         Ossuary (visited)          Bailey (visited)
    Elf: Orc:2

Altars:
Cheibriados
Dithmenos
Fedhas
Kikubaaqudgha
Makhleb
Nemelex Xobeh
Sif Muna
Uskayaw
Vehumet
Xom
Zin

Shops:
D:5 (

Annotations:
D:9 exclusion: downstairs
Orc:1 Jorgrun


Innate Abilities, Weirdness & Mutations

You cannot wear armour.
You are incapable of wielding weapons or throwing items.
Your paws allow you to move quietly. (Stealth)
You have sharp claws.
You have razor-sharp teeth.
You have supernaturally acute eyesight. (SInv)
You cover ground quickly.
You are covered in thick fur. (AC +2)
Your sharp claws are effective at attacking unaware monsters.


Message History

The orc explodes!
The fiery explosion engulfs your quokka!!
Your quokka's corpse disappears in a puff of smoke!
The fiery explosion engulfs you!!
Ouch! That really hurt!
The fiery explosion engulfs the orc!!
Cheibriados thoroughly appreciates the change of pace.
The orc explodes!
The fiery explosion engulfs the orc high priest!!
Flame seeps out of the orc high priest.
The orc high priest is moderately wounded.
Your quokka explodes!
You hear a shout! x21
The orc sorcerer casts a spell at you. The bolt of fire misses you.
The orc high priest is engulfed in blazing flames.
Flame seeps out of the orc high priest.
A warg comes into view.
You hear a shout! x11
Unknown command.
Unknown command.
Unknown command.
Unknown command.
Unknown command.
Magic restored.
You hear a shout! x6
The orc high priest is engulfed in blazing flames.
Flame seeps out of the orc high priest.
The orc high priest hits you with a +1 morningstar of freezing.
The orc high priest freezes you.
You climb upwards.
Level annotation: Jorgrun You hear a grinding noise.
There is a stone staircase leading down here.
Casting: Summon Small Mammal (safe; 1% risk of failure)
Confirm with . or Enter, or press ? or * to list all spells.
Okay, then.
Unknown command.
Unknown command.
Are you sure you want to abandon this character and quit the game? (Confirm with "yes".)

...## ..###
.....###....
...........
.......... ##
#....... ..#
#....# ##....
#....##......
#...#.o.....#
#. #..@...#.#
###...##
.....#
..##.... #
..# ##..# .$.
.... #... ...
### .#


You could see an orc high priest (inner flame).

Vanquished Creatures
  Sonja (Orc:1)
  2 orc knights
  A cyclops (Orc:1)
  Eustachio (D:9)
  3 yaks (D:9)
  2 wargs (Orc:1)
  Menkaure (Ossuary)
  9 orc warriors
  A sky beast (D:6)
  A black bear (D:6)
  An ice beast (D:8)
  5 ogres
  2 centaurs
  A phantom (D:5)
  A kobold brigand (D:9)
  2 bullfrogs
  3 gnoll sergeants
  A scorpion (D:7)
  3 wights
  2 howler monkeys (D:8)
  A bullfrog zombie (D:7)
  5 orc priests
  A hound (D:7)
  A centaur skeleton (D:8)
  A bullfrog skeleton (D:7)
  11 orc wizards
  4 worker ants
  2 mummies (Ossuary)
  4 gnolls
  9 adders
  2 white imps
  An ufetubus (D:5)
  An ooze (D:2)
  An adder skeleton (D:4)
  A worm (D:3)
  2 leopard geckos
  31 orcs
  A ball python (D:3)
  3 giant cockroaches
  A gnoll zombie (Ossuary)
  13 goblins
  7 hobgoblins
  20 jackals
  3 quokkas
  4 bats
  2 gnoll skeletons (Ossuary)
  A goblin skeleton (Ossuary)
  5 goblin zombies (Ossuary)
  A hobgoblin skeleton (Ossuary)
  A hobgoblin zombie (Ossuary)
  17 kobolds
  3 kobold skeletons (Ossuary)
  3 kobold zombies (Ossuary)
  2 orc zombies (Ossuary)
  A quokka skeleton (D:4)
  4 rats
  3 rat skeletons (Ossuary)
  3 rat zombies (Ossuary)
219 creatures vanquished.

Vanquished Creatures (collateral kills)
  A troll (Orc:1)
  A yak (D:9)
  2 orc warriors
  2 ogres
  A centaur (D:8)
  4 wights
  A bullfrog zombie (D:4)
  A gnoll shaman (D:5)
  A mummy (Ossuary)
  A howler monkey zombie (D:6)
  Robin (D:2)
  3 gnolls
  An adder (D:4)
  5 orcs
  A bat (D:2)
  3 gnoll zombies (Ossuary)
  6 goblins
  3 hobgoblins
  3 jackals
  2 kobolds
  2 quokkas
  2 frilled lizards
  3 gnoll skeletons (Ossuary)
  A goblin skeleton (Ossuary)
  A goblin zombie (Ossuary)
  3 hobgoblin skeletons (Ossuary)
  2 hobgoblin zombies (Ossuary)
  2 kobold skeletons (Ossuary)
  2 kobold zombies (Ossuary)
  2 orc skeletons (Ossuary)
  An orc zombie (Ossuary)
  4 rat skeletons (Ossuary)
  A rat zombie (Ossuary)
69 creatures vanquished.

Vanquished Creatures (others)
  2 fungi (D:7)
  A plant (D:7)
3 creatures vanquished.

Grand Total: 291 creatures vanquished

Notes
Turn   | Place    | Note
-------+----------+-------------------------------------------
     0 | D:1      | CurlyBrace the Felid Summoner began the quest for the Orb.
     0 | D:1      | Reached XP level 1. HP: 7/7 MP: 4/4
   162 | D:2      | Found a shimmering altar of Xom.
   165 | D:2      | Noticed an angel
   171 | D:2      | Found a glowing silver altar of Zin.
   172 | D:2      | Reached XP level 2. HP: 4/12 MP: 0/6
   225 | D:2      | Reached skill level 1 in Fighting
   225 | D:2      | Reached skill level 1 in Unarmed Combat
   329 | D:2      | Found a hide-covered altar of Uskayaw.
   333 | D:2      | Found a shimmering blue altar of Sif Muna.
   484 | D:3      | Reached XP level 3. HP: 5/15 MP: 0/7
   532 | D:2      | Noticed Robin
   544 | D:2      | Found an ancient bone altar of Kikubaaqudgha.
   921 | D:5      | Entered Level 5 of the Dungeon
   967 | D:4      | Reached XP level 4. HP: 10/19 MP: 4/8
  1024 | D:4      | Found a burning altar of Makhleb.
  1206 | D:6      | Noticed a black bear
  1237 | D:6      | Noticed a black bear
  1243 | D:6      | Noticed a sky beast
  1264 | D:6      | Found a sand-covered staircase.
  1268 | Ossuary  | Entered an ossuary
  1620 | Ossuary  | Noticed Menkaure
  1647 | Ossuary  | Killed Menkaure
  1648 | Ossuary  | Reached XP level 5. HP: 12/25 MP: 4/9
  1728 | Ossuary  | Learned a level 2 spell: Call Imp
  1755 | D:6      | Gained mutation: You are covered in thick fur. (AC +2)
                  | [Felid growth]
  1755 | D:6      | Reached XP level 6. HP: 28/28 MP: 10/10
  1767 | D:6      | Killed a sky beast
  1828 | D:6      | Reached skill level 5 in Fighting
  1828 | D:6      | Reached skill level 5 in Unarmed Combat
  1828 | D:6      | Reached XP level 7. HP: 14/33 MP: 8/11
  1958 | D:7      | Found a blossoming altar of Fedhas.
  2032 | D:8      | Found a shadowy altar of Dithmenos.
  2105 | D:6      | Mangled by a wight
  2106 | D:6      | Reached XP level 6. HP: -7/30 MP: 10/10
  2242 | D:5      | Found Ischoud's Antique Weapon Shoppe.
  2251 | D:5      | Noticed an ice beast
  2255 | D:5      | Identified a scroll of acquirement
  2255 | D:5      | Acquired the amulet "Nadde" {Acrobat Int-2 Dex+4 Slay+4}
  2318 | D:5      | Found a staircase to the Ecumenical Temple.
  2322 | D:5      | Reached XP level 7. HP: 18/34 MP: 8/11
  2547 | Temple   | Entered the Ecumenical Temple
  2557 | Temple   | Became a worshipper of Cheibriados the Contemplative
  2593 | D:5      | Reached skill level 1 in Evocations
  2841 | D:2      | Killed Robin
  2863 | D:2      | Reached * piety under Cheibriados
  3116 | D:4      | Reached ** piety under Cheibriados
  3262 | D:6      | Reached skill level 5 in Stealth
  3264 | D:6      | Reached skill level 5 in Dodging
  3264 | D:6      | Reached XP level 8. HP: 12/38 MP: 10/13
  3543 | D:10     | Entered Level 10 of the Dungeon
  3577 | D:9      | Found a sparkling altar of Nemelex Xobeh.
  3696 | D:9      | Found a flagged portal.
  3700 | Bailey   | Entered a bailey
  3706 | Bailey   | Noticed an orc knight
  3727 | Bailey   | Reached *** piety under Cheibriados
  3753 | Bailey   | Learned a level 4 spell: Summon Lightning Spire
  3966 | Bailey   | Killed an orc knight
  3967 | Bailey   | Reached skill level 1 in Air Magic
  3967 | Bailey   | Reached XP level 9. HP: 40/42 MP: 1/16
  4068 | D:9      | Reached **** piety under Cheibriados
  4186 | D:9      | Noticed Eustachio
  4213 | D:9      | Killed Eustachio
  4307 | D:9      | Found a staircase to the Orcish Mines.
  4322 | D:8      | Found a radiant altar of Vehumet.
  4363 | D:8      | Reached ***** piety under Cheibriados
  4411 | D:8      | Reached XP level 10. HP: 33/48 MP: 17/17
  4579 | D:9      | Found a staircase to the Lair.
  4593 | Lair:1   | Entered Level 1 of the Lair of Beasts
  4610 | Orc:1    | Entered Level 1 of the Orcish Mines
  4658 | Orc:1    | Noticed an orc knight
  4671 | Orc:1    | Killed an orc knight
  4693 | Orc:1    | Noticed a cyclops
  4702 | Orc:1    | Noticed Sonja
  4715 | Orc:1    | Killed a cyclops
  4723 | Orc:1    | Slain by a troll
  4724 | Orc:1    | Reached XP level 9. HP: 0/45 MP: 7/17
  4724 | Orc:1    | Noticed a troll
  4732 | Orc:1    | Killed a troll
  4745 | Orc:1    | Killed Sonja
  4746 | Orc:1    | Reached skill level 5 in Spellcasting
  4779 | Orc:1    | Noticed Jorgrun
  4786 | Orc:1    | Noticed an ettin
  4790 | Orc:1    | Mangled by Jorgrun
  4791 | Orc:1    | Reached XP level 8. HP: -10/42 MP: 16/16
  4794 | Orc:2    | Entered Level 2 of the Orcish Mines
  4794 | Orc:2    | Noticed an orc sorcerer
  4794 | Orc:2    | Noticed an orc high priest
  4800 | Orc:2    | Noticed an orc sorcerer
  4802 | Orc:1    | Quit the game

Illustrated notes

Levels and vault maps discovered:
D:1:      scummos_arrival_forest, layout_loops_cross,
          minmay_misc_feat_four_crosses, minivault_4
D:2:      layout_rooms, grunt_temple_overflow_order_and_chaos_1,
          general_overflow_altar, minitemple, old_standard_altar, uniq_robin
D:3:      layout_basic
D:4:      layout_rooms, old_standard_altar
D:5:      layout_basic, minmay_temple_entry_stoned_glass, serial_shops, shop
D:6:      layout_loops_cross, enter_ossuary_5
D:7:      layout_loops_ring, tgw_fedhas
D:8:      layout_gridville, grunt_dithmenos_smoke_and_mirrors,
          lemuel_crystal_altar, corexii_leaking_fountain
D:9:      layout_long_grid, lair_entry_dummy, orc_0_dummy, enter_bailey_1,
          basic_altar, sword_in_stone
D:10:     layout_basic
Temple:   nicolae_temple_god_jail
Lair:1:   layout_roguey, basic_altar, serial_forest,
          infiniplex_forest_clump_large, infiniplex_forest_corner_2,
          infiniplex_forest_clump_small, infiniplex_forest_end_2,
          infiniplex_forest_clump_medium, minivault_11,
          chequers_serial_rivers_micro_e, lemuel_fruit_tree
Orc:1:    layout_diamond_mine, minmay_orc_keep, uniq_sonja, uniq_jorgrun
Orc:2:    grunt_orc_gardens, layout_caves, grunt_orc_garden, grunt_orc_garden,
          grunt_orc_garden, grunt_orc_garden

Skill      XL: |  1  2  3  4  5  6  7  8  9 10 |
---------------+-------------------------------+-----
Fighting       | 1 2 3 5 6 7 8 |  8.8
Unarmed Combat | 1 2 3 5 6 7 8 |  8.9
Stealth        | 3 5 6 7 8 |  8.8
Dodging        | 3 5 6 7 8 |  8.7
Evocations     | 1 3 |  3.0
Spellcasting   | 4 5 |  5.0
Air Magic      | 1 |  1.0
Summonings     | |  4.0

Action                   |  1- 3 |  4- 6 |  7- 9 | 10-12 || total
-------------------------+-------+-------+-------+-------++-------
Melee: Unarmed           |    66 |   156 |   285 |    61 ||   568
       Bite              |     6 |    13 |    45 |     6 ||    70
       Punch             |       |     3 |    11 |     3 ||    17
 Cast: Summon Small Mamm |    60 |    60 |    56 |     6 ||   182
       Call Imp          |       |       |    21 |     1 ||    22
       Summon Lightning  |       |       |     8 |     2 ||    10
Evoke: Wand              |       |     8 |    18 |       ||    26
  Use: Scroll            |     6 |    10 |     3 |       ||    19
       Potion            |     3 |     6 |     8 |     1 ||    18
 Stab: Sleeping          |     4 |     3 |    12 |     2 ||    21
       Distracted        |     2 |       |     6 |       ||     8
Armor: Skin              |     5 |    32 |     6 |    22 ||    65
Dodge: Dodged            |    87 |    93 |   297 |    55 ||   532

Table legend: (Time is in decaauts)
 A = Elapsed time spent in this place.
 B = Non-inter-level travel time spent in this place.
 C = Inter-level travel time spent in this place.
 D = Time resting spent in this place.
 E = Time spent auto-exploring this place.
 F = Levels seen in this place.
 G = Mean time per level.
                   A        B        C        D        E       F      G
               +--------+--------+--------+--------+--------+-----+--------+
         Total |   5005 |   4841 |    164 |      0 |      0 |  16 |  312.8 |
       Dungeon |   3883 |   3719 |    164 |      0 |      0 |  10 |  388.3 |
        Temple |     18 |     18 |      0 |      0 |      0 |   1 |   18.0 |
          Lair |      9 |      9 |      0 |      0 |      0 |   1 |    9.0 |
  Orcish Mines |    241 |    241 |      0 |      0 |      0 |   2 |  120.5 |
       Ossuary |    408 |    408 |      0 |      0 |      0 |   1 |  408.0 |
        Bailey |    443 |    443 |      0 |      0 |      0 |   1 |  443.0 |
               +--------+--------+--------+--------+--------+-----+--------+

Top non-repeatable levels by time:
     D:8: 635 daAuts
     D:9: 568 daAuts
     D:3: 554 daAuts
     D:5: 543 daAuts
  Bailey: 443 daAuts
     D:4: 410 daAuts
 Ossuary: 408 daAuts
     D:6: 350 daAuts
     D:2: 348 daAuts
     D:7: 320 daAuts
   Orc:1: 235 daAuts
     D:1: 138 daAuts
  Temple: 18 daAuts
    D:10: 12 daAuts
  Lair:1: 9 daAuts
